 Dungeon Crawl Stone Soup version 0.20.1-1-g8b1a95d (webtiles) character file.

5172 vatarom the Summoner (level 10, -5/84 HPs)
             Began as a Green Draconian Summoner on Sept 7, 2017.
             Was an Initiate of Ashenzari.
             Killed from afar by a gargoyle (15 damage)
             ... with a stone arrow
             ... on level 9 of the Dungeon.
             The game lasted 00:26:15 (11500 turns).

vatarom the Summoner (Green Draconian Summoner)    Turns: 11500, Time: 00:26:16

Health: -5/84      AC:  8    Str: 11    XL:     10   Next: 34%
Magic:  5/19       EV: 14    Int: 18    God:    Ashenzari [......]
Gold:   461        SH:  5    Dex: 12    Spells: 4/21 levels left

rFire    . . .     SeeInvis .   m - +0 spear
rCold    . . .     Gourm    .   v - +0 buckler (curse)
rNeg     . . .     Faith    .   (armour unavailable)
rPois    +         Spirit   .   (helmet restricted)
rElec    .         Reflect  .   (no cloak)
rCorr    +         Harm     .   (no gloves)
MR       .....                  p - +0 pair of boots
Stlth    ++........             (no amulet)
Regen    0.3/turn               e - ring of resist corrosion
MPRegen  0.2/turn               d - +2 ring of evasion

@: no status effects
A: breathe noxious fumes, unfitting armour, stinger 1, poison resistance,
cold-blooded, AC +7
a: Breathe Noxious Fumes, Curse Item, Renounce Religion


You were on level 9 of the Dungeon.
You worshipped Ashenzari.
Ashenzari was noncommittal.
You were not hungry.

You visited 2 branches of the dungeon, and saw 11 of its levels.

You collected 461 gold pieces.

Inventory:

Hand Weapons
 m - a +0 spear (weapon)
 n - a +0 dagger of electrocution
 q - a +0 halberd
 w - a +0 glaive
Armour
 p - a +0 pair of boots (worn)
 v - a cursed +0 buckler (worn)
Magical Staves
 g - an uncursed staff of earth
Jewellery
 c - an uncursed ring of poison resistance
 d - a +2 ring of evasion (right hand)
 e - a ring of resist corrosion (left hand)
 f - an uncursed ring of ice
Wands
 k - a wand of iceblast (5/15)
 o - a wand of polymorph (12/24)
 r - a wand of lightning (9/15)
 x - a wand of scattershot (6/9)
 z - a wand of confusion (18/48)
 A - a wand of random effects (22/48)
Scrolls
 h - 5 scrolls of enchant armour
 l - a scroll of amnesia
 s - 6 scrolls of identify
 y - a scroll of remove curse
Potions
 j - a potion of haste
 t - a potion of magic
 B - a potion of resistance
Books
 a - a book of Callings

   Spells                             Type                      Level
   a - Summon Small Mammal            Summoning                    1
   b - Call Imp                       Summoning                    2
   c - Call Canine Familiar           Summoning                    3
   d - Summon Guardian Golem          Hexes/Summoning              3
   e - Summon Lightning Spire         Summoning/Air                4
   f - Summon Ice Beast               Ice/Summoning                4
Comestibles
 b - 4 bread rations
 i - 5 chunks of flesh
 u - 2 meat rations


   Skills:
 - Level 6.9 Fighting
 - Level 4.2 Polearms
 * Level 1.7 Dodging
 - Level 1.7 Stealth
 - Level 4.0 Shields
 - Level 1.8 Unarmed Combat
 - Level 6.2 Spellcasting
 + Level 10.3 Summonings
 - Level 2.9 Ice Magic
 - Level 3.0 Air Magic


You had 4 spell levels left.
You knew the following spells:

 Your Spells              Type           Power        Failure   Level  Hunger
a - Summon Small Mammal   Summ           ####         1%          1    None
b - Call Imp              Summ           #####...     1%          2    None
c - Call Canine Familiar  Summ           #####...     1%          3    ##.....
d - Summon Ice Beast      Ice/Summ       ####....     8%          4    ####...
e - Summon Lightning Spi  Summ/Air       ####....     8%          4    ####...
f - Summon Guardian Gole  Hex/Summ       ###.....     4%          3    ##.....


Dungeon Overview and Level Annotations

Branches:
Dungeon (10/15)            Temple (1/1) D:5             Orc (0/2) D:9
   Lair: D:8-11

Altars:
Ashenzari
Cheibriados
Dithmenos
Elyvilon
Fedhas
Gozag
Hepliaklqana
Kikubaaqudgha
Makhleb
Nemelex Xobeh
Okawaru
Qazlal
Ru
Sif Muna
Trog
Uskayaw
Vehumet
Xom
Yredelemnul
Zin
The Shining One

Shops:
D:4 }   D:7 [


Innate Abilities, Weirdness & Mutations

You can breathe blasts of noxious fumes.
Your lurid green scales are hard. (AC +7)
You cannot fit into any form of body armour.
Your system is resistant to poisons. (rPois)
You are cold-blooded and may be slowed by cold attacks.
Your tail ends in a poisonous barb.


Message History

You climb downwards.
The gargoyle hurls a stone arrow at you.
The stone arrow hits you!
* * * LOW HITPOINT WARNING * * *
There is a stone staircase leading up, spattered with blood here.
You block the gnoll sergeant's attack.
Some of the chunks of flesh in your inventory have rotted away.
Unknown command.
The gnoll sergeant hits you but does no damage.
There is a stone staircase leading up here.
The gargoyle hits you with a morningstar!
* * * LOW HITPOINT WARNING * * *
The gnoll sergeant hits you from afar with a trident of piercing.
* * * LOW HITPOINT WARNING * * *
x2 You climb upwards.
There is a stone staircase leading down here.
Unknown command.
The gargoyle hurls a stone arrow at you.
The stone arrow hits you!
You die...

#...#####.###### #.#
###.##### ###.# #.# #.#
#.....>T. #.# #># #.#
#...##### #)# ###
#.####...##### #.#
#.#.........# #.#
#...........# #.#
#.#.........#
#.###############.###....###
#..........9>@....# #....#
#..################ #....#
#..# #.#### #..# #.# ##.#
#h######## #.#
######...[..... #.#
#.............. #.#
#.############.


You could see a gargoyle.

Vanquished Creatures
  Erica (D:10)
  A yak (D:10)
  A water moccasin (D:4)
  An orc warrior (D:6)
  2 ice beasts
  4 phantoms
  A sky beast (D:6)
  A black bear (D:5)
  3 ogres
  A bullfrog (D:6)
  A scorpion (D:7)
  A crimson imp (D:6)
  3 bullfrog skeletons
  A jelly (D:6)
  A hound (D:10)
  3 orc priests
  A centaur skeleton (D:6)
  2 orc wizards (D:6)
  Natasha (D:2)
  A worker ant (D:5)
  A howler monkey skeleton (D:6)
  12 adders
  An ooze (D:1)
  An adder skeleton (D:5)
  2 worms
  A dart slug (D:4)
  8 leopard geckos
  19 orcs
  4 giant cockroaches
  6 goblins
  6 hobgoblins
  An iguana (D:6)
  2 jackals
  5 kobolds
  6 quokkas
  A ball python (D:6)
  2 frilled lizards
  A leopard gecko zombie (D:4)
  2 quokka skeletons (D:6)
  3 rats
115 creatures vanquished.

Vanquished Creatures (collateral kills)
  3 two-headed ogres
  The ghost of vatarom the Destroyer, a novice DrVM (D:8)
  Urug (D:10)
  Prince Ribbit (D:7)
  4 yaks
  4 humans (D:8)
  A hungry ghost (D:9)
  Menkaure (D:7)
  An orc warrior (D:7)
  2 ogres
  A phantom (D:8)
  3 bullfrogs (D:7)
  A howler monkey (D:5)
  2 crimson imps
  A centaur zombie (D:8)
  A centaur skeleton (D:8)
  2 orc priests
  3 hounds
  5 orc wizards
  A worker ant (D:6)
  Natasha (twice) (D:2)
  A hound skeleton (D:8)
  2 worker ant zombies
  A gnoll (D:9)
  5 adders
  A shadow imp (D:8)
  An ooze (D:2)
  An adder skeleton (D:7)
  An adder zombie (D:6)
  A worm (D:2)
  3 leopard geckos (D:2)
  11 orcs
  A ball python (D:2)
  2 bats
  2 giant cockroaches (D:3)
  2 goblins
  3 hobgoblins
  6 jackals
  A quokka (D:1)
  2 frilled lizards (D:2)
  2 kobolds
  A rat (D:1)
91 creatures vanquished.

Grand Total: 206 creatures vanquished

Notes
Turn   | Place    | Note
-------+----------+-------------------------------------------
     0 | D:1      | vatarom the Draconian Summoner began the quest for the Orb.
     0 | D:1      | Reached XP level 1. HP: 14/14 MP: 3/3
   519 | D:1      | Reached skill level 1 in Fighting
   586 | D:1      | Reached XP level 2. HP: 20/23 MP: 1/5
   629 | D:1      | Learned a level 2 spell: Call Imp
  1420 | D:2      | Noticed Natasha
  1523 | D:2      | Killed Natasha
  1523 | D:2      | Reached XP level 3. HP: 6/29 MP: 1/6
  1784 | D:2      | Gained mutation: Your tail ends in a poisonous barb. [potion of mutation]
  1784 | D:2      | Gained mutation: Your system is resistant to poisons. (rPois) [potion of mutation]
  1789 | D:2      | Learned a level 3 spell: Call Canine Familiar
  1841 | D:2      | Noticed Natasha
  1848 | D:2      | Killed Natasha
  1848 | D:2      | Reached XP level 4. HP: 23/37 MP: 7/7
  2244 | D:2      | Noticed Natasha
  2302 | D:1      | Reached skill level 5 in Summonings
  2540 | D:2      | Killed Natasha
  2540 | D:2      | Reached skill level 1 in Unarmed Combat
  2843 | D:3      | Found a white marble altar of Elyvilon.
  2944 | D:3      | Reached XP level 5. HP: 36/42 MP: 6/8
  2961 | D:3      | Found a burning altar of Makhleb.
  3568 | D:4      | Found Lecwatec's Gadget Emporium.
  3568 | D:4      | Noticed a phantom
  3576 | D:4      | Reached skill level 6 in Summonings
  3594 | D:4      | Killed a phantom
  3594 | D:4      | Reached XP level 6. HP: 39/50 MP: 5/9
  3835 | D:4      | Noticed a water moccasin
  3841 | D:4      | Killed a water moccasin
  3979 | D:4      | Reached skill level 7 in Summonings
  4097 | D:4      | Learned a level 4 spell: Summon Ice Beast
  4269 | D:4      | Reached skill level 1 in Ice Magic
  4269 | D:4      | Your scales start taking on a lurid green colour.
  4269 | D:4      | Reached XP level 7. HP: 32/56 MP: 7/11
  4269 | D:4      | Mutation became permanent: Your system is resistant to poisons. (rPois) [Green Draconian growth]
  4269 | D:4      | Gained mutation: Your system is resistant to poisons. (rPois) [Green Draconian growth]
  4584 | D:5      | Entered Level 5 of the Dungeon
  4750 | D:5      | Found a staircase to the Ecumenical Temple.
  4757 | Temple   | Entered the Ecumenical Temple
  5324 | D:5      | Learned a level 4 spell: Summon Lightning Spire
  5338 | D:5      | Noticed a two-headed ogre
  5349 | D:5      | Killed a two-headed ogre
  5349 | D:5      | Reached XP level 8. HP: 28/62 MP: 1/15
  5662 | D:5      | Reached skill level 5 in Spellcasting
  5993 | D:5      | Found a basalt altar of Yredelemnul.
  5993 | D:5      | Found a hazy altar of Hepliaklqana.
  6239 | D:6      | Learned a level 3 spell: Summon Guardian Golem
  6636 | D:6      | Found a bloodstained altar of Trog.
  6951 | D:6      | Found a shimmering altar of Xom.
  7083 | D:6      | Reached skill level 8 in Summonings
  7514 | D:6      | Reached skill level 1 in Polearms
  7685 | D:7      | Noticed a gargoyle
  8070 | D:7      | Noticed Prince Ribbit
  8078 | D:7      | Killed Prince Ribbit
  8282 | D:7      | Reached XP level 9. HP: 4/68 MP: 10/18
  8283 | D:7      | HP: 3/68 [bullfrog (6)]
  8615 | D:7      | Noticed Menkaure
  8625 | D:7      | Killed Menkaure
  8997 | D:7      | Found an iron altar of Okawaru.
  9395 | D:7      | Found Xaisas's Antique Armour Shoppe.
  9739 | D:8      | Reached skill level 1 in Shields
  9739 | D:8      | Reached skill level 9 in Summonings
  9842 | D:8      | Noticed a two-headed ogre
  9897 | D:8      | Killed a two-headed ogre
 10084 | D:8      | Found a glowing golden altar of the Shining One.
 10086 | D:8      | Found a bloodstained altar of Trog.
 10087 | D:8      | Found a sparkling altar of Nemelex Xobeh.
 10087 | D:8      | Found an opulent altar of Gozag.
 10089 | D:8      | Found a shattered altar of Ashenzari.
 10090 | D:8      | Found a blossoming altar of Fedhas.
 10103 | D:8      | Became a worshipper of Ashenzari the Shackled
 10116 | D:8      | Found a deep blue altar of Sif Muna.
 10119 | D:8      | Noticed vatarom's ghost (novice DrVM)
 10138 | D:8      | Killed vatarom's ghost
 10376 | D:8      | Noticed a two-headed ogre
 10384 | D:8      | Killed a two-headed ogre
 10575 | D:8      | Reached skill level 5 in Fighting
 10575 | D:8      | Reached XP level 10. HP: 58/81 MP: 13/19
 10679 | D:9      | Found a staircase to the Orcish Mines.
 10933 | D:10     | Entered Level 10 of the Dungeon
 10933 | D:10     | Noticed Erica
 10969 | D:10     | Killed Erica
 10969 | D:10     | Reached skill level 10 in Summonings
 11265 | D:10     | Noticed Urug
 11288 | D:10     | Killed Urug
 11489 | D:9      | Noticed a tengu warrior
 11500 | D:9      | Killed from afar by a gargoyle

Skill      XL: |  1  2  3  4  5  6  7  8  9 10 |
---------------+-------------------------------+-----
Fighting       | 1 2 5 6 |  6.9
Summonings     | 5 6 7 8 9 10 | 10.3
Unarmed Combat | 1 |  1.8
Spellcasting   | 3 4 6 |  6.2
Ice Magic      | 1 2 |  2.9
Air Magic      | 2 3 |  3.0
Polearms       | 2 4 |  4.2
Shields        | 4 |  4.0
Dodging        | |  1.7
Stealth        | |  1.7

Action                   |  1- 3 |  4- 6 |  7- 9 | 10-12 || total
-------------------------+-------+-------+-------+-------++-------
Melee: Unarmed           |   100 |   182 |       |       ||   282
       Tailslap          |     5 |    30 |    21 |     3 ||    59
       Dagger            |       |    73 |   184 |       ||   257
       Glaive            |       |       |    50 |       ||    50
       Spear             |       |       |    77 |    27 ||   104
 Cast: Summon Small Mamm |     8 |       |       |       ||     8
       Call Imp          |     9 |    15 |     2 |       ||    26
       Call Canine Famil |     1 |    12 |    20 |     9 ||    42
       Summon Ice Beast  |       |       |    38 |    14 ||    52
       Summon Lightning  |       |       |    12 |     5 ||    17
       Summon Guardian G |       |       |     3 |     3 ||     6
 Abil: Breathe Noxious F |       |       |     9 |     3 ||    12
  Use: Scroll            |     1 |     6 |     3 |     3 ||    13
       Potion            |     3 |     3 |     4 |     5 ||    15
 Stab: Distracted        |       |     2 |     1 |       ||     3
       Sleeping          |       |     2 |     2 |       ||     4
       Confused          |       |       |     1 |       ||     1
  Eat: Chunk             |     3 |    10 |     7 |       ||    20
       Bread ration      |       |       |     3 |       ||     3
       Meat ration       |       |       |     2 |     1 ||     3
       Fruit             |       |       |     2 |       ||     2
       Royal jelly       |       |       |     1 |       ||     1
Armor: Skin              |    29 |    46 |    91 |    16 ||   182
Dodge: Dodged            |    99 |   199 |   202 |    16 ||   516
Block: Buckler           |       |       |    14 |     4 ||    18
